 Dungeon Crawl Stone Soup version 0.23-a0-344-ge122d05 (webtiles) character file.

54 galech the Skirmisher (level 3, 0/29 HPs)
             Began as a Demonspawn Fighter on Oct 19, 2018.
             Succumbed to an orc wizard's poison
             ... on level 3 of the Dungeon.
             The game lasted 00:01:55 (1501 turns).

galech the Skirmisher (Demonspawn Fighter)          Turns: 1501, Time: 00:01:56

Health: 0/29       AC: 11    Str: 16    XL:     3   Next: 66%
Magic:  3/3        EV:  4    Int:  9    God:
Gold:   103        SH:  8    Dex: 13    Spells: 2/2 levels left

rFire    . . .     SeeInvis .   a - +0 war axe
rCold    . . .     Gourm    .   c - +0 shield
rNeg     . . .     Faith    .   n - +0 chain mail
rPois    .         Spirit   .   (no helmet)
rElec    .         Reflect  .   (no cloak)
rCorr    .         Harm     .   l - +0 pair of gloves
MR       .....     Rnd*Tele +   (no boots)
Stlth    ..........             (no amulet)
HPRegen  0.09/turn              b - ring of teleportation (curse)
MPRegen  0.08/turn              (no ring)

@: lethally poisoned (0 -> -13), drained
A: rugged brown scales 1
a: no special abilities


You were on level 3 of the Dungeon.
You were not hungry.

You visited 1 branch of the dungeon, and saw 3 of its levels.

You collected 103 gold pieces.

Inventory:

Hand Weapons
 a - a +0 war axe (weapon)
Armour
 c - a +0 shield (worn)
 l - a +0 pair of gloves (worn)
 n - a +0 chain mail (worn)
Jewellery
 b - a cursed ring of teleportation (left hand)
Scrolls
 j - a scroll of teleportation
 k - a scroll of enchant armour
 m - a scroll of blinking
Potions
 d - a potion of might
 e - a potion of flight {unknown}
 h - a potion of ambrosia {unknown}
Comestibles
 f - 5 rations
 g - 6 chunks of flesh


   Skills:
 + Level 3.4(3.3) Fighting
 + Level 2.5(2.4) Axes
 + Level 3.1(3.0) Armour
 + Level 0.5(0.4) Dodging
 + Level 2.9(2.8) Shields


You had 2 spell levels left.
You didn't know any spells.
Your spell library was empty.

Dungeon Overview and Level Annotations

Branches:
Dungeon (3/15)

Altars:


Innate Abilities, Weirdness & Mutations

You are partially covered in rugged brown scales. (AC +1, +3% HP)


Message History

You hit the orc. The orc priest hits you with a +0 club.
The orc hits you but does no damage.
The orc wizard hits you but does no damage.
You are poisoned.
Your chain mail prevents you from hitting the orc.
The orc is moderately wounded.
You hit the orc wizard. You hit the orc priest.
You feel sick. The orc hits you with a +0 short sword.
The orc priest hits you but does no damage.
The orc wizard hits you but does no damage.
You are lethally poisoned!
The orc hits you but does no damage.
The orc priest invokes the aid of Beogh against you.
Beogh smites you!
* * * LOW HITPOINT WARNING * * *
You hit the orc.
You kill the orc!
Your shield and chain mail prevent you from hitting the orc wizard.
You hit the orc priest.
You die...

####..
#########..)...#
...[.....$......#
............$....#
.................#
.................#
......)o.........#
......o@....!....#
................##
..>..............#
#######...$......#
#..........#
#!.........#
...........<÷#
####......÷.##
##......##


You could see an orc priest and an orc wizard.

Vanquished Creatures
  4 dart slugs
  4 leopard geckos
  An orc (D:3)
  A giant cockroach (D:1)
  2 jackals (D:1)
  6 kobolds
  3 bats
  2 frilled lizards
  11 goblins
  7 rats
41 creatures vanquished.

Notes
Turn   | Place    | Note
-------+----------+-------------------------------------------
     0 | D:1      | galech the Demonspawn Fighter began the quest for the Orb.
     0 | D:1      | Reached XP level 1. HP: 18/18 MP: 1/1
   160 | D:1      | Gained mutation: You are partially covered in rugged brown
                  | scales. (AC +1, +3% HP) [demonic ancestry]
   160 | D:1      | Reached XP level 2. HP: 18/24 MP: 2/2
   651 | D:1      | Reached XP level 3. HP: 26/29 MP: 3/3
  1501 | D:3      | Succumbed to an orc wizard's poison

Vault maps used:
D:1:      dpeg_arrival_windows_large_door
D:2:      grunt_ministairs_5, minmay_tetromino_o4

Skill      XL: |  1  2  3 |
---------------+----------+-----
Axes           | 2 |  2.5
Armour         | 3 |  3.1
Fighting       | |  3.4
Dodging        | |  0.5
Shields        | |  2.9

Action                   || total
-------------------------++-------
Melee: War axe           ||   115
  Use: Scroll            ||     3
  Eat: Chunk             ||     2
Armor: Scale mail        ||    50
       Chain mail        ||    10
Dodge: Dodged            ||    38
Block: Shield            ||    66

Table legend:
 A = Non-vault XP
 B = Vault XP
 C = Vault XP percentage of total XP
 D = Non-vault monster count
 E = Vault monster count
 F = Vault count percentage of total count
                 A         B        C        D         E       F
            +---------+---------+-------+---------+---------+-------
      Total |      70 |       8 |  10.3 |      35 |       6 |  14.6
            +---------+---------+-------+---------+---------+-------
        D:1 |      44 |       0 |   0.0 |      22 |       0 |   0.0
        D:2 |      15 |       8 |  34.8 |       7 |       6 |  46.2
        D:3 |      11 |       0 |   0.0 |       6 |       0 |   0.0
            +---------+---------+-------+---------+---------+-------
